[ AOE2 MATCH · #506091260 ]
UnrankedWu vs Incas
Player's team · WIN
Rival team · LOSS
[ REPLAY ANALYSIS · EXTRACTED FROM THE RECORDED GAME ]
Feudal
8:52
Castle
21:24
Imperial
36:04
| APM avg | 72.1 |
| APM peak | 102 |
| eAPM avg | 37.8 |
| Villagers / military | 235 / 108 |
Focus
⚔️ 35.0% · 🌾 65.0%
Archer ×91 · Monk ×6 · Mangonel ×6 · Unknown (1944) ×4 · Scorpion ×3 · Scout Cavalry ×2
Feudal
10:53
Castle
20:50
Imperial
38:46
| APM avg | 79.8 |
| APM peak | 118 |
| eAPM avg | 31.9 |
| Villagers / military | 167 / 50 |
Focus
⚔️ 49.8% · 🌾 50.2%
Unknown (2550) ×103 · Skirmisher ×34 · Monk ×10 · Trebuchet (Packed) ×4 · Spearman ×2
Match map
Initial resources + every placement click. Lines = walls · curves = elevation contours. ◆ gold · ⬟ stone · ● berries · ✦ relic · ◌ wall gap
Your base· ✓ Closed at 21:24 · 35t walls · 1 gate(s)
老天鵝's base· ✓ Closed at 20:50 · 59t walls · 2 gate(s)
Smoothed initial terrain · ◌ = detected wall gap · hover for details
Inputs per minute
— LE | WilliamS - - 老天鵝
Build order — LE | WilliamS
First 150 of 462 actions detected
| 0:01 | Create | Villager (Male) |
| 0:01 | Create | Villager (Male) |
| 0:02 | Build | House |
| 0:03 | Build | House |
| 0:04 | Create | Villager (Male) |
| 0:05 | Create | Villager (Male) |
| 0:06 | Create | Villager (Male) |
| 1:31 | Create | Villager (Male) |
| 1:32 | Create | Villager (Male) |
| 1:55 | Create | Villager (Male) |
| 1:55 | Create | Villager (Male) |
| 2:22 | Create | Villager (Male) |
| 2:22 | Create | Villager (Male) |
| 2:44 | Create | Villager (Male) |
| 2:50 | Create | Villager (Male) |
| 3:14 | Create | Villager (Male) |
| 3:48 | Create | Villager (Male) |
| 3:51 | Create | Villager (Male) |
| 3:52 | Create | Villager (Male) |
| 4:07 | Create | Villager (Male) |
| 4:09 | Build | House |
| 4:10 | Build | House |
| 4:21 | Build | Lumber Camp |
| 4:30 | Create | Villager (Male) |
| 5:42 | Create | Villager (Male) |
| 5:42 | Research | Loom |
| 6:12 | Build | Mill |
| 6:19 | Build | Palisade Wall |
| 6:31 | Build | Palisade Wall |
| 6:42 | Research | Feudal Age |
| 6:42 | Research | Feudal Age |
| 7:42 | Create | Villager (Male) |
| 8:48 | Create | Villager (Male) |
| 8:52 | Age | Feudal Age |
| 9:02 | Build | Barracks |
| 9:05 | Create | Villager (Male) |
| 9:18 | Create | Villager (Male) |
| 9:28 | Create | Villager (Male) |
| 9:31 | Research | Double-Bit Axe |
| 9:31 | Research | Double-Bit Axe |
| 9:45 | Create | Villager (Male) |
| 9:56 | Create | Villager (Male) |
| 9:59 | Research | Horse Collar |
| 9:59 | Research | Horse Collar |
| 10:11 | Create | Villager (Male) |
| 10:12 | Build | Farm |
| 10:15 | Build | Farm |
| 10:29 | Create | Villager (Male) |
| 10:34 | Build | Farm |
| 10:38 | Build | Farm |
| 10:58 | Create | Villager (Male) |
| 11:05 | Create | Villager (Male) |
| 11:21 | Build | Archery Range |
| 11:24 | Create | Villager (Male) |
| 11:24 | Create | Villager (Male) |
| 11:51 | Create | Villager (Male) |
| 11:58 | Build | House |
| 12:06 | Build | Mining Camp |
| 12:07 | Create | Archer |
| 12:23 | Build | House |
| 12:26 | Create | Villager (Male) |
| 12:30 | Create | Villager (Male) |
| 12:35 | Build | House |
| 12:36 | Create | Villager (Male) |
| 12:45 | Create | Villager (Male) |
| 12:50 | Build | House |
| 12:59 | Create | Villager (Male) |
| 13:02 | Build | Blacksmith |
| 13:07 | Build | Palisade Wall |
| 13:09 | Build | Palisade Wall |
| 13:12 | Create | Villager (Male) |
| 13:18 | Create | Villager (Male) |
| 13:26 | Create | Villager (Male) |
| 13:27 | Create | Archer |
| 13:27 | Create | Archer |
| 13:33 | Build | House |
| 13:45 | Build | Farm |
| 13:45 | Create | Villager (Male) |
| 13:46 | Create | Villager (Male) |
| 13:54 | Research | Fletching |
| 13:57 | Create | Archer |
| 13:58 | Create | Villager (Male) |
| 14:00 | Create | Villager (Male) |
| 14:02 | Build | Farm |
| 14:19 | Create | Villager (Male) |
| 14:23 | Build | Palisade Wall |
| 14:24 | Build | Palisade Wall |
| 14:25 | Build | Palisade Wall |
| 14:26 | Build | Palisade Wall |
| 14:29 | Build | Palisade Wall |
| 14:32 | Create | Archer |
| 14:34 | Research | Fletching |
| 14:55 | Create | Villager (Male) |
| 14:57 | Build | Farm |
| 15:03 | Create | Archer |
| 15:03 | Create | Villager (Male) |
| 15:07 | Create | Villager (Male) |
| 15:18 | Create | Archer |
| 15:24 | Create | Villager (Male) |
| 15:27 | Build | Palisade Wall |
| 15:28 | Build | Palisade Wall |
| 15:31 | Create | Villager (Male) |
| 15:32 | Build | House |
| 15:34 | Build | Palisade Wall |
| 15:35 | Build | Palisade Wall |
| 15:36 | Build | Palisade Wall |
| 15:50 | Create | Villager (Male) |
| 15:53 | Create | Archer |
| 15:55 | Create | Villager (Male) |
| 15:55 | Create | Villager (Male) |
| 15:56 | Build | Palisade Wall |
| 15:58 | Create | Villager (Male) |
| 16:00 | Create | Archer ×2 |
| 16:01 | Create | Villager (Male) |
| 16:04 | Create | Villager (Male) |
| 16:05 | Create | Villager (Male) |
| 16:16 | Build | House |
| 16:20 | Create | Villager (Male) |
| 16:21 | Build | Farm |
| 16:23 | Build | Farm |
| 16:32 | Create | Villager (Male) |
| 16:36 | Create | Villager (Male) |
| 16:38 | Create | Villager (Male) |
| 16:40 | Create | Villager (Male) |
| 16:40 | Create | Villager (Male) |
| 16:43 | Build | Farm |
| 16:53 | Create | Archer |
| 17:13 | Build | Lumber Camp |
| 17:21 | Build | Palisade Gate |
| 17:23 | Build | Palisade Wall |
| 17:23 | Create | Villager (Male) |
| 18:10 | Build | Stable |
| 18:11 | Create | Villager (Male) |
| 18:29 | Build | Farm |
| 18:44 | Research | Castle Age |
| 18:44 | Research | Castle Age |
| 18:51 | Create | Archer ×5 |
| 19:05 | Create | Scout Cavalry |
| 19:05 | Create | Scout Cavalry |
| 19:21 | Build | Farm |
| 19:22 | Build | Farm |
| 19:42 | Build | Farm |
| 19:43 | Build | Farm |
| 19:48 | Research | Gold Mining |
| 20:05 | Create | Archer |
| 20:06 | Create | Villager (Male) |
| 20:15 | Create | Archer ×5 |
| 20:32 | Create | Archer |
| 20:46 | Research | Bloodlines |
| 20:47 | Research | Scale Barding Armor |
Build order — 老天鵝
First 150 of 463 actions detected
| 0:03 | Create | Villager (Male) |
| 0:05 | Build | House |
| 0:14 | Create | Villager (Male) |
| 0:15 | Create | Villager (Male) |
| 0:15 | Create | Villager (Male) |
| 0:15 | Create | Villager (Male) |
| 1:28 | Create | Villager (Male) |
| 1:29 | Create | Villager (Male) |
| 1:47 | Create | Villager (Male) |
| 1:47 | Create | Villager (Male) |
| 2:04 | Build | Barracks |
| 2:09 | Create | Villager (Male) |
| 2:25 | Create | Villager (Male) |
| 2:25 | Create | Villager (Male) |
| 2:46 | Create | Villager (Male) |
| 2:46 | Create | Villager (Male) |
| 2:58 | Create | Unit 2550 |
| 2:58 | Create | Unit 2550 |
| 3:15 | Create | Villager (Male) |
| 3:38 | Create | Villager (Male) |
| 3:38 | Create | Villager (Male) |
| 3:51 | Research | Loom |
| 4:01 | Build | House |
| 4:05 | Create | Villager (Male) |
| 4:26 | Create | Villager (Male) |
| 4:26 | Create | Villager (Male) |
| 4:55 | Create | Villager (Male) |
| 5:24 | Create | Villager (Male) |
| 5:41 | Create | Villager (Male) |
| 5:57 | Build | Palisade Gate |
| 6:04 | Create | Villager (Male) |
| 6:04 | Create | Villager (Male) |
| 6:12 | Build | Settlement |
| 6:32 | Create | Villager (Male) |
| 6:35 | Create | Villager (Male) |
| 6:55 | Create | Villager (Male) |
| 7:24 | Create | Villager (Male) |
| 8:43 | Research | Feudal Age |
| 8:43 | Research | Feudal Age |
| 8:57 | Create | Villager (Male) |
| 9:15 | Build | Settlement |
| 9:50 | Create | Unit 2550 |
| 10:07 | Build | Settlement |
| 10:13 | Create | Villager (Male) |
| 10:39 | Create | Unit 2550 |
| 10:39 | Create | Unit 2550 |
| 10:53 | Age | Feudal Age |
| 10:58 | Create | Villager (Male) |
| 11:00 | Build | Settlement |
| 11:07 | Create | Unit 2550 |
| 11:17 | Build | Farm |
| 11:19 | Build | Farm |
| 11:22 | Create | Villager (Male) |
| 11:22 | Create | Villager (Male) |
| 11:32 | Build | Farm |
| 12:03 | Research | Tech 1402 |
| 12:03 | Research | Tech 1402 |
| 12:09 | Create | Spearman |
| 12:11 | Create | Villager (Male) |
| 12:15 | Create | Villager (Male) |
| 12:17 | Build | Farm |
| 12:35 | Research | Double-Bit Axe |
| 12:35 | Research | Double-Bit Axe |
| 12:41 | Build | Farm |
| 12:42 | Create | Villager (Male) |
| 12:56 | Create | Villager (Male) |
| 13:06 | Create | Unit 2550 |
| 13:26 | Create | Villager (Male) |
| 13:27 | Create | Villager (Male) |
| 13:27 | Create | Villager (Male) |
| 13:28 | Build | Archery Range |
| 13:53 | Create | Villager (Male) |
| 14:00 | Build | Palisade Wall |
| 14:02 | Build | Palisade Wall |
| 14:07 | Create | Villager (Male) |
| 14:09 | Build | Farm |
| 14:10 | Build | Farm |
| 14:23 | Build | Palisade Wall |
| 14:25 | Create | Skirmisher |
| 14:25 | Create | Skirmisher |
| 14:30 | Create | Villager (Male) |
| 14:41 | Create | Skirmisher |
| 14:47 | Create | Villager (Male) |
| 14:49 | Build | Farm |
| 15:00 | Build | Palisade Wall |
| 15:06 | Build | Palisade Wall |
| 15:18 | Create | Villager (Male) |
| 15:25 | Create | Villager (Male) |
| 15:39 | Build | Farm |
| 16:13 | Build | Blacksmith |
| 16:16 | Create | Villager (Male) |
| 16:30 | Build | Palisade Wall |
| 16:54 | Build | Farm |
| 16:57 | Create | Villager (Male) |
| 17:00 | Build | Farm |
| 17:07 | Build | Palisade Gate |
| 17:08 | Build | Palisade Wall |
| 17:19 | Build | Farm |
| 17:21 | Build | Palisade Wall |
| 17:30 | Build | Farm |
| 17:53 | Build | Farm |
| 17:58 | Build | House |
| 18:08 | Build | Farm |
| 18:10 | Research | Castle Age |
| 18:10 | Research | Castle Age |
| 18:10 | Research | Castle Age |
| 18:11 | Create | Skirmisher |
| 18:11 | Create | Skirmisher |
| 18:12 | Create | Skirmisher |
| 18:38 | Build | Palisade Wall |
| 18:41 | Research | Fletching |
| 18:42 | Create | Skirmisher |
| 18:42 | Create | Skirmisher |
| 18:42 | Create | Skirmisher |
| 18:56 | Create | Skirmisher |
| 19:09 | Create | Spearman |
| 19:16 | Research | Padded Archer Armor |
| 19:17 | Research | Padded Archer Armor |
| 19:17 | Research | Padded Archer Armor |
| 19:27 | Build | Farm |
| 19:31 | Create | Skirmisher |
| 19:31 | Create | Skirmisher |
| 19:38 | Build | House |
| 19:46 | Create | Unit 2550 |
| 19:46 | Create | Unit 2550 |
| 20:07 | Create | Skirmisher |
| 20:08 | Create | Unit 2550 |
| 20:30 | Create | Skirmisher |
| 20:31 | Create | Villager (Male) |
| 20:48 | Research | Horse Collar |
| 20:50 | Age | Castle Age |
| 20:57 | Research | Elite Skirmisher (upgrade) |
| 21:03 | Create | Unit 2550 |
| 21:04 | Create | Villager (Male) |
| 21:08 | Research | Bodkin Arrow |
| 21:08 | Research | Bodkin Arrow |
| 21:12 | Create | Villager (Male) |
| 21:14 | Build | Monastery |
| 21:37 | Create | Unit 2550 |
| 21:38 | Create | Villager (Male) |
| 21:38 | Create | Villager (Male) |
| 21:41 | Build | Farm |
| 22:01 | Create | Villager (Male) |
| 22:05 | Create | Monk |
| 22:05 | Create | Monk |
| 22:08 | Create | Unit 2550 |
| 22:09 | Create | Unit 2550 |
| 22:09 | Create | Unit 2550 |
| 22:10 | Create | Skirmisher |
| 22:19 | Create | Villager (Male) |
Match timeline
| 2:04 | 老天鵝 · first_building Barracks |
| 6:19 | LE | WilliamS · wall_segment Palisade Wall x1 |
| 6:31 | LE | WilliamS · wall_segment Palisade Wall x1 |
| 8:52 | LE | WilliamS · age_up feudal |
| 9:02 | LE | WilliamS · first_building Barracks |
| 10:53 | 老天鵝 · age_up feudal |
| 11:21 | LE | WilliamS · first_building Archery Range |
| 13:07 | LE | WilliamS · wall_segment Palisade Wall x4 |
| 13:09 | LE | WilliamS · wall_segment Palisade Wall x4 |
| 13:28 | 老天鵝 · first_building Archery Range |
| 14:00 | 老天鵝 · wall_segment Palisade Wall x5 |
| 14:02 | 老天鵝 · wall_segment Palisade Wall x5 |
| 14:23 | 老天鵝 · wall_segment Palisade Wall x7 |
| 14:23 | LE | WilliamS · wall_segment Palisade Wall x6 |
| 14:24 | LE | WilliamS · wall_segment Palisade Wall x1 |
| 14:25 | LE | WilliamS · wall_segment Palisade Wall x1 |
| 14:26 | LE | WilliamS · wall_segment Palisade Wall x1 |
| 14:29 | LE | WilliamS · wall_segment Palisade Wall x7 |
| 15:00 | 老天鵝 · wall_segment Palisade Wall x8 |
| 15:06 | 老天鵝 · wall_segment Palisade Wall x14 |
| 15:27 | LE | WilliamS · wall_segment Palisade Wall x1 |
| 15:28 | LE | WilliamS · wall_segment Palisade Wall x1 |
| 15:34 | LE | WilliamS · wall_segment Palisade Wall x1 |
| 15:35 | LE | WilliamS · wall_segment Palisade Wall x1 |
| 15:36 | LE | WilliamS · wall_segment Palisade Wall x1 |
| 15:56 | LE | WilliamS · wall_segment Palisade Wall x1 |
| 16:30 | 老天鵝 · wall_segment Palisade Wall x6 |
| 17:08 | 老天鵝 · wall_segment Palisade Wall x4 |
| 17:21 | 老天鵝 · wall_segment Palisade Wall x1 |
| 17:23 | LE | WilliamS · wall_segment Palisade Wall x4 |
| 18:10 | LE | WilliamS · first_building Stable |
| 18:38 | 老天鵝 · wall_segment Palisade Wall x10 |
| 20:50 | 老天鵝 · age_up castle |
| 21:14 | 老天鵝 · first_building Monastery |
| 21:24 | LE | WilliamS · age_up castle |
| 23:18 | LE | WilliamS · first_building Monastery |
| 24:32 | LE | WilliamS · first_building Siege Workshop |
| 31:41 | 老天鵝 · first_market_buy 100 food |
| 31:41 | LE | WilliamS · first_market_sell 100 wood |
| 33:36 | 老天鵝 · first_building Castle |
| 34:35 | LE | WilliamS · first_building Castle |
| 36:04 | LE | WilliamS · age_up imperial |
| 38:08 | LE | WilliamS · first_market_buy 100 stone |
| 38:46 | 老天鵝 · age_up imperial |
| 39:22 | 老天鵝 · resign |
[ AI ANALYSIS · 1 CREDIT ]
What really happened in this match?
Wolo.gg analyzes every decision: build order, eco, micro, common mistakes by bracket. Personalized analysis on WhatsApp or Discord in 30 seconds.
Civ guide
Wu
Perfil
WilliamS